Map: Moonlight Madness LE (Void)

Players

wabbajack - Winner!

  • Race: Terran Terran
  • League: Grandmaster

blasteur

  • Race: Terran Terran

VOD

Have the link to the VOD?

Description

Time

  • Played on: July 14, 2015, 11:35 a.m.
  • Length: 9:49
Show
View Real Time Build Order
Export as new Build Order

wabbajack Terran - Winner!

Build Orders:  

Get SALT Encoding   

  12  0:01  SCV  
  13  0:13  SCV  
  14  0:20  Supply Depot  
  14  0:25  SCV  
  15  0:29  Refinery  
  15  0:42  SCV  
  16  0:49  Barracks  
  16  0:55  SCV  
  17  1:08  SCV  
  18  1:20  SCV  
  19  1:37  Orbital Command  
  19  1:41  Supply Depot, Marine  
  19  1:44  Factory  
  20  1:55  Supply Depot  
  20  2:00  Barracks Reactor, Refinery  
  20  2:12  SCV  
  21  2:24  SCV  
  21  2:29  Armory  
  22  2:34  Supply Depot  
  22  2:37  Marine x2  
  22  2:40  SCV  
  25  2:52  SCV  
  25  2:54  Starport  
  26  3:03  Bunker  
  26  3:06  Marine x2  
  28  3:24  Marine x2  
  28  3:25  Factory Tech Lab  
  25  3:42  Marine x2  
  25  4:03  Thor  
  25  4:07  SCV  
  32  4:19  SCV  
  32  4:21  Marine x2  
  34  4:33  Medivac  
  36  4:44  Marine  
  35  4:50  Barracks  
  33  5:02  Marine  
  34  6:05  SCV  
  35  6:17  SCV  
  36  6:29  SCV  
  36  6:31  Thor  
  43  6:34  Medivac  
  45  6:41  SCV  
  46  6:47  Barracks Reactor  
  46  6:49  Command Center  
  46  7:07  Barracks Reactor  
  46  7:16  Barracks  
  46  7:24  Supply Depot x2  
  46  7:38  Marine  
  47  7:45  SCV, Marine  
  47  7:48  Supply Depot x2  
  49  7:57  SCV  
  50  8:02  Orbital Command  
  50  8:18  SCV  
  51  8:30  SCV  
  52  8:42  Marine x4  
  47  9:00  Marine x3  
  50  9:05  Marine  
  50  9:09  Barracks Tech Lab  
  51  9:14  SCV  
  51  9:15  SCV, Barracks  
  51  9:16  Barracks  
  53  9:18  Marine x3  
  56  9:26  SCV  
  56  9:27  SCV  
  64  9:43  Command Center  
Show
View Real Time Build Order
Export as new Build Order

blasteur Terran 

Build Orders:  

Get SALT Encoding   

  12  0:01  SCV  
  13  0:19  Supply Depot  
  13  0:20  SCV  
  14  0:30  Refinery  
  14  0:32  SCV  
  15  0:47  Barracks  
  15  0:48  SCV  
  16  1:05  SCV  
  16  1:07  Barracks  
  17  1:16  Supply Depot  
  17  1:21  SCV  
  18  1:36  Refinery  
  18  1:43  Barracks  
  18  1:48  Reaper  
  19  1:57  Reaper  
  20  2:20  Reaper  
  20  2:22  SCV  
  22  2:29  Reaper  
  23  2:40  Reaper  
  24  2:52  Reaper  
  25  3:01  Reaper  
  26  3:12  Reaper  
  27  3:24  Reaper  
  28  3:33  Reaper  
  27  3:44  Reaper  
  24  4:05  SCV  
  25  4:17  SCV  
  25  4:26  Reaper x3  
  25  4:29  SCV  
  29  4:41  SCV  
  30  4:49  Command Center  
  28  4:53  SCV  
  30  5:07  Barracks Tech Lab  
  30  5:08  Barracks Reactor x2  
  30  5:13  Orbital Command  
  21  5:46  Marauder, Marine x4  
  21  5:48  Concussive Shells  
  22  6:03  Marine  
  22  6:04  Marine x3  
  23  6:07  Marine  
  27  6:21  Marine x2  
  27  6:22  Marine x2  
  31  6:32  Stimpack  
  31  6:34  Supply Depot  
  31  6:35  Supply Depot  
  31  6:38  Supply Depot  
  31  6:55  SCV, Reaper, Marine x3  
  31  6:58  SCV  
  37  7:07  SCV  
  38  7:10  SCV  
  39  7:19  SCV  
  40  7:22  SCV  
  41  7:31  SCV  
  41  7:35  SCV  
  43  7:42  Factory  
  43  7:43  Refinery  
  43  7:44  SCV, Refinery  
  44  7:56  SCV, Reaper  
  46  8:00  SCV  
  46  8:08  SCV  
  46  8:12  SCV  
  48  8:20  SCV  
  48  8:23  Bunker, Marauder  
  48  8:24  SCV  
  52  8:32  SCV  
  53  8:36  SCV  
  53  8:39  Marine  
  53  8:40  Marine x3  
  58  8:44  SCV, Marauder  
  58  8:48  SCV  
  43  8:57  Marine x3  
  40  9:10  Marine  
  40  9:15  Marine x3  
  40  9:17  Widow Mine  
  44  9:28  Marine  
Tags
 
Add a new tag
Caveats
  • Supply blocks, unpowered buildings, or Contaminate may cause inaccurate times.
  • Supply counts are checked every 10 seconds.